 Dungeon Crawl Stone Soup version 0.17.1-3-g152610e (webtiles) character file.

60 Zhenya25pyc the Cudgeler (level 4, -4/49 HPs)
             Began as an Ogre Berserker on Mar 30, 2016.
             Was an Initiate of Makhleb.
             Slain by Zhenya25pyc's ghost (5 damage)
             ... on level 3 of the Dungeon.
             The game lasted 00:08:46 (1945 turns).

Zhenya25pyc the Cudgeler (Ogre Berserker)           Turns: 1945, Time: 00:08:46

Health: -4/49      AC:  3    Str: 23    XL:     4   Next: 4%
Magic:  4/4        EV: 10    Int:  6    God:    Makhleb [......]
Gold:   53         SH:  0    Dex:  9    Spells: 0 memorised, 3 levels left

rFire  + . .     SeeInvis .     a - +0 mace
rCold  x . .     Clarity  .     b - +0 animal skin
rNeg   + . .     SustAt   .     (no shield)
rPois  .         Gourm    .     (helmet restricted)
rElec  .         Spirit   .     (no cloak)
rCorr  .         Warding  .     (gloves unavailable)
rMut   .         Stasis   .     (boots unavailable)
MR     .....                    (no amulet)
Stlth  +.........               u - ring of fire
                                p - ring of positive energy

@: lethally poisoned (-4 -> -19), not resistant to hostile enchantments, very
unstealthy
A: unfitting armour, tough skin 1
a: Renounce Religion


You were on level 3 of the Dungeon.
You worshipped Makhleb.
Makhleb was noncommittal.
You were not hungry.

You visited 1 branch of the dungeon, and saw 3 of its levels.

You collected 53 gold pieces.

Inventory:

Hand Weapons
 a - a +0 mace (weapon)
 j - a +0 short sword
Missiles
 h - 4 tomahawks (quivered)
 l - 62 sling bullets
Armour
 b - a +0 animal skin (worn)
 d - a +0 chain mail
 s - a +0 robe
 t - a +0 ring mail
Jewellery
 p - a ring of positive energy (left hand)
 u - a ring of fire (right hand)
Scrolls
 e - a scroll of identify {unknown}
 g - a scroll of enchant weapon {unknown}
 r - a scroll of recharging {unknown}
 v - a scroll of remove curse {unknown}
Potions
 f - a potion of heal wounds {unknown}
 i - a potion of flight {unknown}
 o - a potion of brilliance {unknown}
Miscellaneous
 k - a plain deck of summoning {drawn: 1}
 m - a plain deck of destruction {drawn: 1}
Comestibles
 c - 3 chunks of flesh
 n - 2 royal jellies
 q - 2 meat rations
 w - a bread ration
 x - 3 fruits


   Skills:
 + Level 4.6 Fighting
 + Level 4.7 Maces & Flails
 + Level 3.5 Dodging
 + Level 0.1 Stealth


You had 3 spell levels left.
You didn't know any spells.

Dungeon Overview and Level Annotations

Branches:
Dungeon (3/15)

Altars:
Makhleb
Nemelex Xobeh

Annotations:
D:3 Zhenya25pyc's ghost, weakling TrFi


Innate Abilities, Weirdness & Mutations

You are too large for most types of armour.
You have tough skin (AC +1).


Message History

Zhenya25pyc's ghost is lightly damaged.
Zhenya25pyc's ghost hits you!
You hit Zhenya25pyc's ghost but do no damage.
Zhenya25pyc's ghost is lightly damaged.
Zhenya25pyc's ghost closely misses you.
You sock Zhenya25pyc's ghost!
Zhenya25pyc's ghost is moderately damaged.
Zhenya25pyc's ghost hits you.
* * * LOW HITPOINT WARNING * * *
You barely miss Zhenya25pyc's ghost.
Zhenya25pyc's ghost is moderately damaged.
Zhenya25pyc's ghost hits you!
* * * LOW HITPOINT WARNING * * *
You are too injured to fight recklessly!
It was a potion of poison.
That liquid tasted very nasty...
You are lethally poisoned!
* * * LOW HITPOINT WARNING * * *
You feel sick. Zhenya25pyc's ghost hits you.
You die...

..# # #.# .
. #.# .. #
... # #. #
#.# #.#..##
#######.#
......
#......W# .
#.## #@#
..##...
####.#
#.....
#....#
#.#### #
#.##.#
#.####
#.##.##.#
#.#...
#.......#
#.#.##
####.####
#######.....
#.####
#.....###.##
#....#
#.###)###.#


You could see Zhenya25pyc's ghost.

Vanquished Creatures
  An adder (D:2)
  2 worms
  3 giant geckos
  An orc (D:3)
  A ball python (D:1)
  6 bats
  7 goblins
  8 hobgoblins
  2 quokkas (D:2)
  3 giant newts
  2 kobolds
  4 rats
40 creatures vanquished.

Vanquished Creatures (collateral kills)
  A hobgoblin (D:1)
1 creature vanquished.

Grand Total: 41 creatures vanquished

Notes
Turn   | Place    | Note
--------------------------------------------------------------
     0 | D:1      | Zhenya25pyc the Ogre Berserker began the quest for the Orb.
     0 | D:1      | Reached XP level 1. HP: 24/24 MP: 1/1
    83 | D:1      | Reached XP level 2. HP: 14/32 MP: 2/2
   280 | D:1      | Found a sparkling altar of Nemelex Xobeh.
   296 | D:1      | Fell from the grace of Trog
   296 | D:1      | Became a worshipper of Nemelex Xobeh the Trickster
   381 | D:1      | Received a gift from Nemelex Xobeh
   962 | D:2      | Reached XP level 3. HP: 40/40 MP: 3/3
  1482 | D:2      | Found a burning altar of Makhleb.
  1485 | D:2      | Noticed a cacodemon
  1491 | D:2      | Noticed a ynoxinul
  1491 | D:2      | Noticed an orange demon
  1493 | D:2      | Fell from the grace of Nemelex Xobeh
  1493 | D:2      | Became a worshipper of Makhleb the Destroyer
  1813 | D:3      | Reached XP level 4. HP: 49/49 MP: 4/4
  1937 | D:3      | Noticed Zhenya25pyc's ghost (weakling TrFi)
  1945 | D:3      | HP: 1/49 [poison (a potion of poison)]
  1945 | D:3      | Slain by Zhenya25pyc's ghost

Action                   |  1- 3 |  4- 6 || total
-------------------------+-------+-------++-------
Melee: Mace              |   152 |     9 ||   161
Throw: Tomahawk          |     1 |       ||     1
Evoke: Deck              |     2 |       ||     2
  Use: Potion            |       |     1 ||     1
  Eat: Bread ration      |     1 |       ||     1
